 Dungeon Crawl Stone Soup version 0.31-a0-175-g9f7f995f2b (webtiles) character file.

Game seed: 13536538624174498067

102 qw the Shooter (level 4, -1/28 HPs)
             Began as a Gargoyle Hunter on June 16, 2023.
             Slain by Terence
             ... wielding a +0 falchion
              (4 damage)
             ... on level 3 of the Dungeon.
             The game lasted 00:01:18 (2016 turns).

qw the Shooter (Gargoyle Hunter)                    Turns: 2016, Time: 00:01:19

Health: -1/28      AC:  6    Str: 14      XL:     4   Next: 77%
Magic:  4/4        EV: 11    Int:  9 (10) God:
Gold:   159        SH:  0    Dex: 14 (15) Spells: 3/3 levels left

rFire   . . .        Y - +0 shortbow
rCold   . . .        (shield currently unavailable)
rNeg    + . .        c - +0 leather armour
rPois   inf          (no helmet)
rElec   +            (no cloak)
rCorr   .            (no gloves)
SInv    .            (no boots)
Will    .....        (no amulet)
Stlth   +            (no ring)
HPRegen 0.24/turn    (no ring)
MPRegen 0.09/turn

%: no passive effects
@: about to teleport
A: sickness immunity, AC +3, negative energy resistance 1, electricity
resistance, torment resistance 1, petrification resistance
a: no special abilities


You were on level 3 of the Dungeon.
You visited 1 branch of the dungeon, and saw 3 of its levels.

You collected 159 gold pieces.


Innate Abilities, Weirdness & Mutations

You are immune to sickness and miasma.
Your stone body is resilient. (AC +3)
You are immune to poison.
You resist negative energy. (rN+)
You are resistant to electric shocks. (rElec)
You are resistant to unholy torment.
You are immune to petrification.


   Skills:
 - Level 3.0 Fighting
 + Level 5.6 Ranged Weapons
 - Level 1.5 Dodging
 - Level 1.1 Stealth


You had 3 spell levels left.
You didn't know any spells.
Your spell library was empty.

Inventory:

Hand Weapons
 Y - a +0 shortbow (weapon)
Armour
 c - a +0 leather armour (worn)
Scrolls
 a - 2 scrolls of identify
 d - a scroll of fear {unknown}
 j - a scroll of teleportation
Potions
 b - a potion of cancellation {unknown}
 f - a potion of heal wounds {unknown}
 i - 2 potions of haste
 k - a potion of ambrosia {unknown}

Dungeon Overview and Level Annotations

Branches:
Dungeon (3/15)

Altars:
Hepliaklqana

Annotations:
D:3 Terence


Message History

Enter note:
Enter note:
Enter note:
Enter note: You shoot an arrow.
The arrow hits Terence!
Terence shouts!
Terence is moderately wounded.
You shoot an arrow. The arrow hits Terence.
Terence is heavily wounded.
Terence hits you with a +0 falchion.
You shoot an arrow. The arrow barely misses Terence.
Terence barely misses you.
You shoot an arrow. The arrow barely misses Terence.
Terence hits you with a +0 falchion.
You shoot an arrow. The arrow hits Terence.
Terence is heavily wounded.
Terence misses you.
You shoot an arrow. The arrow closely misses Terence.
Terence hits you with a +0 falchion.
You shoot an arrow. The arrow closely misses Terence.
Terence misses you.
You shoot an arrow. The arrow closely misses Terence.
Terence hits you with a +0 falchion.
You shoot an arrow. The arrow hits Terence.
Terence is severely wounded.
Terence hits you but does no damage. Terence hits you with a +0 falchion.
You shoot an arrow. The arrow barely misses Terence.
Terence hits you with a +0 falchion.
You shoot an arrow. The arrow hits Terence.
Terence is almost dead.
Terence hits you with a +0 falchion!
2015 ||| READING 2 scrolls of teleportation.
As you read the scroll of teleportation, it crumbles to dust.
You feel strangely unstable. Terence closely misses you.
You shoot an arrow.
The arrow hits Terence but does no damage.
Terence is almost dead.
Terence hits you with a +0 falchion.
You die...

#.##.##.###
#.##.##.###
#.##.##....
#.##.#####. #######
#...(...... #.....#
####..)##.. #####.#
#%#.##..
####.#######.#.##..
#.@..........#.....
#.@############.%#.#
#.# #..#.# #. #..#.#
# #..#.# #..#..
#..### #..### #.....


You could see Terence.

Vanquished Creatures
  5 adders
  3 worms (D:3)
  A dart slug (D:1)
  2 ball pythons
  8 bats
  5 endoplasms
  A giant cockroach (D:3)
  4 goblins
  7 hobgoblins
  A frilled lizard (D:3)
  5 kobolds
  5 rats
47 creatures vanquished.

Notes
Turn   | Place    | Note
-------+----------+-------------------------------------------
     0 | D:1      | qw the Gargoyle Hunter began the quest for the Orb.
     0 | D:1      | Reached XP level 1. HP: 12/12 MP: 1/1
     0 | D:1      | 0 ||| qw: Version: 0.2-a-29-g511e9b1
     0 | D:1      | 0 ||| qw: Game counter: 66
     0 | D:1      | 0 ||| qw: Always use a shield: true
     0 | D:1      | 0 ||| qw: God list: Okawaru
     0 | D:1      | 0 ||| qw: Allow faded altars: false
     0 | D:1      | 0 ||| qw: Do Orc after D:15 true
     0 | D:1      | 0 ||| qw: Do second Lair branch before Depths: true
     0 | D:1      | 0 ||| qw: Lair rune preference: random
     0 | D:1      | 0 ||| qw: Plans: Normal, Zot:1-4, Slime:5, God:TSO, Crypt,
                  | Tomb, Abyss, Pan, Hells, Win
     0 | D:1      | 0 ||| PLANNING D:1-11
   162 | D:1      | Reached XP level 2. HP: 17/17 MP: 2/2
   452 | D:1      | 452 ||| READING 2 scrolls labelled ERROOTA UNELINOB.
   453 | D:1      | 453 ||| READING scroll labelled GIGO LOOHORCH.
   454 | D:1      | 454 ||| READING scroll labelled XOPIHA TIESIRGH.
   467 | D:1      | 467 ||| READING 2 scrolls labelled XAARPH YXTE.
   471 | D:1      | 471 ||| DRINKING 2 fuming dark potions.
   472 | D:1      | 472 ||| DRINKING 2 fuming green potions.
   473 | D:1      | 473 ||| DROPPING scroll of butterflies.
   474 | D:1      | 474 ||| DROPPING potion of degeneration.
   707 | D:2      | Reached skill level 5 in Ranged Weapons
   707 | D:2      | Reached XP level 3. HP: 19/21 MP: 3/3
  1524 | D:3      | Reached skill level 3 in Fighting
  1546 | D:3      | Reached XP level 4. HP: 23/28 MP: 4/4
  1620 | D:3      | Found a hazy altar of Hepliaklqana.
  2003 | D:3      | Noticed Terence
  2014 | D:3      | HP: 2/28 [Terence/+0 falchion (7)]
  2015 | D:3      | 2015 ||| READING 2 scrolls of teleportation.
  2016 | D:3      | Slain by Terence

Levels and vault maps discovered:
D:1:      dpeg_arrival_three_smaller_balls, layout_rooms, minmay_octomino_e4
D:2:      layout_basic, kennysheep_generic_room_16
D:3:      layout_loops_ring, general_overflow_altar,
          mainiacjoe_overflow_concentric_impassable, grunt_decor_resistance,
          uniq_terence

Skill      XL: |  1  2  3 |
---------------+----------+-----
Ranged Weapons | 5 |  5.6
Fighting       | 3 |  3.0
Dodging        | |  1.5
Stealth        | |  1.1

Action                     |  1- 3 |  4- 6 || total
---------------------------+-------+-------++-------
   Fire: Shortbow          |   109 |    58 ||   167
    Use: Scroll            |     4 |     1 ||     5
         Potion            |     2 |       ||     2
 Armour: Leather armour    |    22 |     6 ||    28
  Dodge: Dodged            |    29 |     8 ||    37

Table legend:
 A = Non-vault XP
 B = Vault XP
 C = Vault XP percentage of total XP
 D = Non-vault monster count
 E = Vault monster count
 F = Vault count percentage of total count
                 A         B        C        D         E       F
            +---------+---------+-------+---------+---------+-------
      Total |     139 |       7 |   4.8 |      44 |       3 |   6.4
            +---------+---------+-------+---------+---------+-------
        D:1 |      21 |       6 |  22.2 |      13 |       2 |  13.3
        D:2 |      44 |       1 |   2.2 |      13 |       1 |   7.1
        D:3 |      74 |       0 |   0.0 |      18 |       0 |   0.0
            +---------+---------+-------+---------+---------+-------
